TOP OF THE 1ST |
Xavier Musketeers batting - Pitching for Minnesota Golden Gophers : RHP Miguel Perea
|
Pitching: RHP Miguel Perea
|
|
Batting: RHB Art Cornell
|
0-0: Ball 1-0: Ball 2-0: Ball 3-0: Base on Balls
|
Batting: RHB Florentino López
|
0-0: Ball 1-0: Foul Ball, location: 2F 1-1: DOUBLE (Flyball, 9) Art Cornell to third
|
Batting: LHB Freddy Torres
|
0-0: Ball 1-0: DOUBLE (Flyball, 89XD) Art Cornell scores Florentino López scores
|
Batting: LHB Luis Martínez
|
0-0: Foul Ball, location: 2F 0-1: Ball 1-1: Ball 2-1: Ball 3-1: Base on Balls
|
Batting: RHB Jeff Lawrence
|
0-0: Swinging Strike 0-1: Ball 1-1: Ball 2-1: Called Strike 2-2: Strikes out swinging
|
Batting: LHB Pancho Robles
|
0-0: Called Strike 0-1: Ball 1-1: SINGLE (Groundball, 6D) Freddy Torres to third Luis Martínez to second Runner from 3rd tries for Home, SAFE, throw made home
|
Batting: RHB Les Rupp
|
0-0: Called Strike Luis Martínez steals 3rd base Pancho Robles to second 0-1: Ground out 5-3 (Groundball, 56S) Luis Martínez scores Pancho Robles to third
|
Batting: LHB Bobby Meegan
|
0-0: Called Strike 0-1: Foul Ball, location: 2F 0-2: Strikes out looking
|
Top of the 1st over - 4 run(s), 3 hit(s), 0 error(s), 1 left on base; Xavier 4 - Minnesota 0 |
BOTTOM OF THE 1ST |
Minnesota Golden Gophers batting - Pitching for Xavier Musketeers : LHP Jeffery Cleveland
|
Pitching: LHP Jeffery Cleveland
|
|
Batting: LHB Arturo Nieves
|
0-0: DOUBLE (Line Drive, 7D)
|
Batting: LHB Will Rhodes
|
0-0: Called Strike 0-1: Ball 1-1: Foul Ball, location: 2F 1-2: Ball 2-2: Ball 3-2: Strikes out swinging
|
Batting: RHB Christian Nash
|
0-0: Ball 1-0: Ball 2-0: Called Strike 2-1: Called Strike 2-2: Strikes out swinging
|
Batting: RHB Mike Martínez
|
0-0: Ball 1-0: Foul Ball, location: 2F 1-1: Foul Ball, location: 2F 1-2: Foul Ball, location: 2F 1-2: Ground out 4-3 (Groundball, 4)
|
Bottom of the 1st over - 0 run(s), 1 hit(s), 0 error(s), 1 left on base; Xavier 4 - Minnesota 0 |
TOP OF THE 2ND |
Xavier Musketeers batting - Pitching for Minnesota Golden Gophers : RHP Miguel Perea
|
Batting: RHB Bobby Doyle
|
0-0: Swinging Strike 0-1: Ball 1-1: Ball 2-1: Foul Ball, location: 2F 2-2: Ground out 5-3 (Groundball, 56S)
|
Batting: RHB Art Cornell
|
0-0: Called Strike 0-1: Ball 1-1: Ball 2-1: Swinging Strike 2-2: Strikes out swinging
|
Batting: RHB Florentino López
|
0-0: Ball 1-0: Called Strike 1-1: Called Strike 1-2: Ground out 1-3 (Groundball, P)
|
Top of the 2nd over - 0 run(s), 0 hit(s), 0 error(s), 0 left on base; Xavier 4 - Minnesota 0 |
BOTTOM OF THE 2ND |
Minnesota Golden Gophers batting - Pitching for Xavier Musketeers : LHP Jeffery Cleveland
|
Batting: RHB James Morris
|
0-0: Ball 1-0: Foul Ball, location: 2F 1-1: Swinging Strike 1-2: Strikes out looking
|
Batting: LHB Scott Rivera
|
0-0: Foul Ball, location: 2F 0-1: Foul Ball, location: 2F 0-2: Ball 1-2: Strikes out looking
|
Batting: RHB Travis Alexander
|
0-0: Ball 1-0: SOLO HOME RUN (Flyball, 78XD), Distance : 364 ft
|
Batting: RHB Jorge Morán
|
0-0: Foul Ball, location: 2F 0-1: Ball 1-1: Foul Ball, location: 2F 1-2: Strikes out swinging, 2-3 out at first.
|
Bottom of the 2nd over - 1 run(s), 1 hit(s), 0 error(s), 0 left on base; Xavier 4 - Minnesota 1 |
TOP OF THE 3RD |
Xavier Musketeers batting - Pitching for Minnesota Golden Gophers : RHP Miguel Perea
|
Batting: LHB Freddy Torres
|
0-0: Called Strike 0-1: Called Strike 0-2: Fly out, F4 (Popup, 4)
|
Batting: LHB Luis Martínez
|
0-0: Called Strike 0-1: Ball 1-1: Foul Ball, location: 2F 1-2: SOLO HOME RUN (Flyball, 9D), Distance : 366 ft
|
Batting: RHB Jeff Lawrence
|
0-0: Ball 1-0: Foul Ball, location: 2F 1-1: Fly out, F7 (Flyball, 7)
|
Batting: LHB Pancho Robles
|
0-0: Called Strike 0-1: Foul Ball, location: 2F 0-2: Fly out, F7 (Flyball, 78M)
|
Top of the 3rd over - 1 run(s), 1 hit(s), 0 error(s), 0 left on base; Xavier 5 - Minnesota 1 |
BOTTOM OF THE 3RD |
Minnesota Golden Gophers batting - Pitching for Xavier Musketeers : LHP Jeffery Cleveland
|
Batting: SHB Enrique Stevenson
|
0-0: Ball 1-0: Ball 2-0: Swinging Strike 2-1: Ball 3-1: Base on Balls
|
Batting: LHB Arturo Nieves
|
0-0: Fly out, F3 (Popup, 34S)
|
Batting: LHB Will Rhodes
|
0-0: Foul Ball, location: 2F 0-1: Ball 1-1: Foul Ball, location: 2F 1-2: Foul Ball, location: 2F 1-2: Strikes out swinging
|
Batting: RHB Christian Nash
|
0-0: Ball 1-0: Ball 2-0: Called Strike 2-1: Foul Ball, location: 2F 2-2: Fly out, F9 (Flyball, 89S)
|
Bottom of the 3rd over - 0 run(s), 0 hit(s), 0 error(s), 1 left on base; Xavier 5 - Minnesota 1 |
TOP OF THE 4TH |
Xavier Musketeers batting - Pitching for Minnesota Golden Gophers : RHP Miguel Perea
|
Batting: RHB Les Rupp
|
0-0: Ball 1-0: Fly out, F9 (Flyball, 9S)
|
Batting: LHB Bobby Meegan
|
0-0: Called Strike 0-1: SINGLE (Line Drive, 34D)
|
Batting: RHB Bobby Doyle
|
0-0: Foul Ball, location: 2F 0-1: Ball 1-1: Ball 2-1: Ball 3-1: Foul Ball, location: 2F 3-2: Base on Balls Bobby Meegan to second
|
Batting: RHB Art Cornell
|
0-0: Foul Ball, location: 2F 0-1: Grounds into double play, 4-6-3 (Groundball, 4)
|
Top of the 4th over - 0 run(s), 1 hit(s), 0 error(s), 1 left on base; Xavier 5 - Minnesota 1 |
BOTTOM OF THE 4TH |
Minnesota Golden Gophers batting - Pitching for Xavier Musketeers : LHP Jeffery Cleveland
|
Batting: RHB Mike Martínez
|
0-0: Called Strike 0-1: Ball 1-1: Ball 2-1: Swinging Strike 2-2: Foul Ball, location: 2F 2-2: Strikes out looking
|
Batting: RHB James Morris
|
0-0: Swinging Strike 0-1: Ball 1-1: Called Strike 1-2: SINGLE (Line Drive, 9S)
|
Batting: LHB Scott Rivera
|
0-0: Ball Wild Pitch! James Morris to second 1-0: Ball 2-0: Called Strike 2-1: Called Strike 2-2: Strikes out looking
|
Batting: RHB Travis Alexander
|
0-0: Foul Ball, location: 2F 0-1: Fly out, F6 (Popup, 6)
|
Bottom of the 4th over - 0 run(s), 1 hit(s), 0 error(s), 1 left on base; Xavier 5 - Minnesota 1 |
TOP OF THE 5TH |
Xavier Musketeers batting - Pitching for Minnesota Golden Gophers : RHP Miguel Perea
|
Pitching: RHP Mitch Dawson
|
|
Batting: RHB Florentino López
|
0-0: Ball 1-0: Ball 2-0: Ball 3-0: Base on Balls
|
Batting: LHB Freddy Torres
|
0-0: Called Strike 0-1: Grounds out, U3 (Groundball, 3L)
|
Batting: LHB Luis Martínez
|
0-0: Intentional Walk
|
Batting: RHB Jeff Lawrence
|
0-0: Called Strike 0-1: Foul Ball, location: 2F 0-2: Foul Ball, location: 2F 0-2: Ball 1-2: 3-RUN HOME RUN (Flyball, 7LD), Distance : 327 ft
|
Pitching: RHP Máximo Rivera
|
|
Batting: LHB Pancho Robles
|
0-0: Ball 1-0: Ball 2-0: Ball 3-0: Called Strike 3-1: Called Strike 3-2: Strikes out looking
|
Batting: RHB Les Rupp
|
0-0: Ground out 6-3 (Groundball, 6D)
|
Top of the 5th over - 3 run(s), 1 hit(s), 0 error(s), 0 left on base; Xavier 8 - Minnesota 1 |
BOTTOM OF THE 5TH |
Minnesota Golden Gophers batting - Pitching for Xavier Musketeers : LHP Jeffery Cleveland
|
Batting: RHB Jorge Morán
|
0-0: Fly out, F9 (Flyball, 9)
|
Batting: SHB Enrique Stevenson
|
0-0: Ball 1-0: SINGLE (Line Drive, 89S)
|
Batting: LHB Arturo Nieves
|
0-0: Called Strike 0-1: Ball 1-1: Ball 2-1: Called Strike 2-2: SINGLE (Groundball, 4) (infield hit) Enrique Stevenson to second
|
Batting: LHB Will Rhodes
|
0-0: Called Strike 0-1: Ball 1-1: Fly out, F5 (Line Drive, 56)
|
Batting: RHB Christian Nash
|
0-0: Foul Ball, location: 2F 0-1: Ball 1-1: Ball 2-1: 3-RUN HOME RUN (Flyball, 78XD), Distance : 388 ft
|
Batting: RHB Mike Martínez
|
0-0: Ball 1-0: Ball 2-0: Ball 3-0: Base on Balls
|
Pitching: RHP Austin Shepardson
|
|
Batting: RHB James Morris
|
0-0: Called Strike 0-1: Ball 1-1: Called Strike 1-2: Strikes out swinging
|
Bottom of the 5th over - 3 run(s), 3 hit(s), 0 error(s), 1 left on base; Xavier 8 - Minnesota 4 |
TOP OF THE 6TH |
Xavier Musketeers batting - Pitching for Minnesota Golden Gophers : RHP Máximo Rivera
|
Batting: LHB Bobby Meegan
|
0-0: Fly out, F7 (Flyball, 7S)
|
Batting: RHB Bobby Doyle
|
0-0: Ball 1-0: Ball 2-0: Ball 3-0: Called Strike 3-1: Fly out, F8 (Flyball, 8LM)
|
Batting: RHB Art Cornell
|
0-0: Ball 1-0: Ball 2-0: Foul Ball, location: 2F 2-1: Ball 3-1: Called Strike 3-2: Base on Balls
|
Batting: RHB Florentino López
|
0-0: Ball 1-0: Ball Art Cornell steals 2nd base 2-0: Swinging Strike 2-1: Ball 3-1: Foul Ball, location: 2F 3-2: Strikes out swinging
|
Top of the 6th over - 0 run(s), 0 hit(s), 0 error(s), 1 left on base; Xavier 8 - Minnesota 4 |
BOTTOM OF THE 6TH |
Minnesota Golden Gophers batting - Pitching for Xavier Musketeers : RHP Austin Shepardson
|
Batting: LHB Scott Rivera
|
0-0: Ball 1-0: Called Strike 1-1: Ball 2-1: Ball 3-1: Base on Balls
|
Batting: RHB Travis Alexander
|
0-0: Grounds into double play, 6-4-3 (Groundball, 6)
|
Batting: RHB Jorge Morán
|
0-0: Fly out, F2 (Popup, 25)
|
Bottom of the 6th over - 0 run(s), 0 hit(s), 0 error(s), 0 left on base; Xavier 8 - Minnesota 4 |
TOP OF THE 7TH |
Xavier Musketeers batting - Pitching for Minnesota Golden Gophers : RHP Máximo Rivera
|
Batting: LHB Freddy Torres
|
0-0: Foul Ball, location: 2F 0-1: Fly out, F2 (Popup, 5S)
|
Batting: LHB Luis Martínez
|
0-0: Ball 1-0: Ground out 4-3 (Groundball, 34)
|
Batting: RHB Jeff Lawrence
|
0-0: Foul Ball, location: 2F 0-1: Ball 1-1: Called Strike 1-2: Ball 2-2: Ball 3-2: Base on Balls
|
Batting: LHB Pancho Robles
|
0-0: Ball 1-0: Ball 2-0: Ball 3-0: Base on Balls Jeff Lawrence to second
|
Batting: RHB Les Rupp
|
0-0: Foul Ball, location: 2F 0-1: Fly out, F8 (Flyball, 78M)
|
Top of the 7th over - 0 run(s), 0 hit(s), 0 error(s), 2 left on base; Xavier 8 - Minnesota 4 |
BOTTOM OF THE 7TH |
Minnesota Golden Gophers batting - Pitching for Xavier Musketeers : RHP Austin Shepardson
|
Batting: SHB Enrique Stevenson
|
0-0: SINGLE (Line Drive, 8RS)
|
Batting: LHB Arturo Nieves
|
0-0: Called Strike 0-1: SINGLE (Line Drive, 89M) Enrique Stevenson to second Throwing error, E8 Enrique Stevenson scores Arturo Nieves to second
|
Batting: LHB Will Rhodes
|
0-0: Ground out 4-3 (Groundball, 4) Arturo Nieves to third
|
Batting: RHB Christian Nash
|
0-0: Called Strike 0-1: Ball 1-1: Foul Ball, location: 2F 1-2: Foul Ball, location: 2F 1-2: Ground out 5-3 (Groundball, 56) Arturo Nieves scores
|
Pitching: RHP Bob Taylor
|
|
Batting: RHB Mike Martínez
|
0-0: SOLO HOME RUN (Flyball, 7D), Distance : 350 ft
|
Batting: RHB James Morris
|
0-0: Called Strike 0-1: Called Strike 0-2: Ball 1-2: Strikes out looking
|
Bottom of the 7th over - 3 run(s), 3 hit(s), 1 error(s), 0 left on base; Xavier 8 - Minnesota 7 |
TOP OF THE 8TH |
Xavier Musketeers batting - Pitching for Minnesota Golden Gophers : RHP Máximo Rivera
|
Batting: LHB Bobby Meegan
|
0-0: Called Strike 0-1: Ball 1-1: Swinging Strike 1-2: Ball 2-2: Ball 3-2: Foul Ball, location: 2F 3-2: Foul Ball, location: 2F 3-2: Base on Balls
|
Pitching: RHP Colm Day
|
|
Batting: RHB Bobby Doyle
|
0-0: Ball 1-0: Bunted foul 1-1: Reached on error, E5 (Groundball, 56S) Bobby Meegan to third
|
Pinch Hitting: RHB Clifton Powers
|
0-0: Ball 1-0: Ball 2-0: Swinging Strike 2-1: Swinging Strike 2-2: Strikes out swinging
|
Pitching: RHP Sandy Lund
|
|
Batting: RHB Florentino López
|
0-0: Ball 1-0: SINGLE (Groundball, 6MD) Bobby Meegan scores Bobby Doyle to third Runner from 3rd tries for Home, SAFE, throw made home Florentino López to second
|
Batting: LHB Freddy Torres
|
0-0: Intentional Walk
|
Batting: LHB Luis Martínez
|
0-0: Ball 1-0: Foul Ball, location: 2F 1-1: Swinging Strike 1-2: Strikes out swinging
|
Batting: RHB Jeff Lawrence
|
0-0: Ball 1-0: Foul Ball, location: 2F 1-1: Foul Ball, location: 2F 1-2: Strikes out swinging passed ball, reaches first! Florentino López to third Freddy Torres to second
|
Batting: LHB Pancho Robles
|
0-0: Ball 1-0: Ball 2-0: Ball 3-0: Base on Balls Florentino López scores Freddy Torres to third Jeff Lawrence to second
|
Batting: RHB Les Rupp
|
0-0: Foul Ball, location: 2F 0-1: Swinging Strike 0-2: Foul Ball, location: 2F 0-2: Ball 1-2: Foul Ball, location: 2F 1-2: Ground out 5-3 (Groundball, 56S)
|
Top of the 8th over - 3 run(s), 1 hit(s), 1 error(s), 3 left on base; Xavier 11 - Minnesota 7 |
BOTTOM OF THE 8TH |
Minnesota Golden Gophers batting - Pitching for Xavier Musketeers : RHP Bob Taylor
|
Now in CF: Jim Hall
|
|
Batting: LHB Scott Rivera
|
0-0: Foul Ball, location: 2F 0-1: Swinging Strike 0-2: Strikes out looking
|
Batting: RHB Travis Alexander
|
0-0: Fly out, F7 (Flyball, 7S)
|
Batting: RHB Jorge Morán
|
0-0: Ball 1-0: Ball 2-0: Called Strike 2-1: Ball 3-1: Base on Balls
|
Batting: SHB Enrique Stevenson
|
0-0: Ball 1-0: Fly out, F8 (Flyball, 8LM)
|
Bottom of the 8th over - 0 run(s), 0 hit(s), 0 error(s), 1 left on base; Xavier 11 - Minnesota 7 |
TOP OF THE 9TH |
Xavier Musketeers batting - Pitching for Minnesota Golden Gophers : RHP Sandy Lund
|
Pitching: RHP Rafael Luna
|
|
Batting: LHB Bobby Meegan
|
0-0: Ball 1-0: Ball 2-0: Fly out, F7 (Line Drive, 78M)
|
Batting: RHB Bobby Doyle
|
0-0: Called Strike 0-1: Foul Ball, location: 2F 0-2: Ball 1-2: Fly out, F9 (Flyball, 9)
|
Batting: LHB Jim Hall
|
0-0: Ground out U3 (Groundball, 34)
|
Top of the 9th over - 0 run(s), 0 hit(s), 0 error(s), 0 left on base; Xavier 11 - Minnesota 7 |
BOTTOM OF THE 9TH |
Minnesota Golden Gophers batting - Pitching for Xavier Musketeers : RHP Bob Taylor
|
Batting: LHB Arturo Nieves
|
0-0: Called Strike 0-1: Swinging Strike 0-2: Strikes out swinging
|
Batting: LHB Will Rhodes
|
0-0: Called Strike 0-1: Ground out 4-3 (Groundball, 4)
|
Batting: RHB Christian Nash
|
0-0: Ball 1-0: SINGLE (Line Drive, 5S)
|
Batting: RHB Mike Martínez
|
0-0: Foul Ball, location: 2F 0-1: Ball 1-1: Called Strike 1-2: Fly out, F9 (Flyball, 9S)
|
Bottom of the 9th over - 0 run(s), 1 hit(s), 0 error(s), 1 left on base; Xavier 11 - Minnesota 7 |
|